Map: [ESL] Royal Blood

Players

Dolan

  • Race: Terran Terran
  • Spawn Location: 1:00

PattyMac - Winner!

  • Race: Protoss Protoss
  • Spawn Location: 7:00

Event: ESL SC2 Masters 2023 Summer (Regionals)

VOD

Have the link to the VOD?

Description

Time

  • Played on: May 10, 2023, 2:23 p.m.
  • Length: 6:34

All games in this series

Show
View Real Time Build Order
Export as new Build Order

Dolan Terran 

Build Orders: Cyclone Opening 

Get SALT Encoding   

  12  0:00  SCV  
  13  0:12  SCV  
  14  0:17  Supply Depot  
  14  0:24  SCV  
  15  0:38  SCV  
  15  0:39  Barracks  
  16  0:45  Refinery  
  16  0:50  SCV  
  16  0:53  Refinery  
  17  1:02  SCV  
  18  1:13  Supply Depot  
  18  1:15  SCV  
  19  1:31  Orbital Command, Reaper  
  19  1:47  Factory  
  19  1:56  SCV  
  20  2:09  SCV  
  21  2:19  Command Center  
  21  2:24  SCV  
  21  2:29  Barracks Reactor  
  22  2:30  Factory Tech Lab  
  22  2:36  SCV  
  23  2:46  Starport  
  23  2:48  SCV  
  24  2:54  Cyclone  
  27  3:01  Supply Depot  
  27  3:06  Marine x2  
  27  3:09  SCV  
  26  3:25  Marine x2  
  24  3:38  Cloaking Field  
  24  3:40  SCV  
  25  3:48  Banshee  
  28  3:53  SCV  
  29  3:56  Marine  
  29  3:57  Marine  
  29  4:00  Factory Tech Lab  
  31  4:05  SCV  
  32  4:14  Orbital Command  
  32  4:24  Marine x2  
  36  4:36  Viking  
  27  4:42  Marine x2  
  23  4:50  SCV  
  23  4:51  SCV  
  15  5:07  Marine x2  
  15  5:10  SCV, Cyclone  
  20  5:24  Viking  
  20  5:25  SCV  
  20  5:26  SCV  
  21  5:33  Marine x2  
  23  5:44  SCV x2  
  25  5:56  SCV  
  26  5:57  SCV  
  27  6:08  SCV  
  31  6:13  Marine x2  
Show
View Real Time Build Order
Export as new Build Order

PattyMac Protoss - Winner!

Build Orders: Oracle Opening 

Get SALT Encoding   

  12  0:00  Probe  
  13  0:13  Pylon  
  13  0:18  Probe  
  14  0:31  Gateway  
  14  0:35  Probe (Chrono Boost)  
  15  0:44  Probe (Chrono Boost)  
  15  0:48  Assimilator  
  15  0:49  Probe (Chrono Boost)  
  17  0:57  Assimilator  
  17  1:01  Probe  
  18  1:13  Probe  
  19  1:19  Cybernetics Core  
  19  1:29  Probe  
  19  1:32  Pylon  
  19  1:41  Probe  
  20  1:53  Probe, Adept (Chrono Boost)  
  21  1:55  Stargate  
  23  2:05  Probe  
  23  2:08  Pylon  
  24  2:11  Warp Gate  
  24  2:17  Probe  
  24  2:22  Adept  
  27  2:36  Oracle (Chrono Boost)  
  30  2:55  Adept  
  30  2:56  Probe  
  32  3:12  Oracle (Chrono Boost)  
  34  3:20  Probe  
  34  3:32  Probe  
  33  3:46  Oracle (Chrono Boost)  
  36  3:49  Nexus  
  36  3:52  Probe  
  37  4:04  Probe, Twilight Council  
  38  4:16  Probe  
  39  4:30  Probe  
  38  4:33  Phoenix  
  38  4:36  Shield Battery  
  37  4:42  Probe  
  38  4:54  Probe  
  39  5:06  Probe  
  40  5:08  Stalker  
  40  5:09  Probe  
  41  5:15  Gateway  
  41  5:17  Gateway  
  40  5:22  Probe (Chrono Boost)  
  40  5:23  Probe (Chrono Boost)  
  40  5:25  Pylon  
  39  5:33  Probe (Chrono Boost)  
  40  5:37  Probe (Chrono Boost), Stalker  
  43  5:43  Shield Battery  
  43  5:47  Probe  
  44  5:50  Probe  
  44  5:55  Pylon  
  45  6:00  Stalker  
  47  6:06  Probe  
  47  6:07  Probe  
  47  6:10  Stalker  
  51  6:15  Gateway  
  51  6:18  Probe  
  52  6:24  Stalker  
  53  6:26  Stalker  
Tags
 
Add a new tag
Caveats
  • Supply blocks, unpowered buildings, or Contaminate may cause inaccurate times.
  • Supply counts are checked every 10 seconds.